 Dungeon Crawl Stone Soup version 0.31.0 (webtiles) character file.

Game seed: 14131086411028801126

22 qw the Shooter (level 2, -3/17 HPs)
             Began as a Gargoyle Hunter on Jan 19, 2024.
             Slain by a gnoll
             ... wielding a +2 whip of holy wrath
              (4 damage)
             ... on level 1 of the Dungeon.
             The game lasted 00:00:02 (456 turns).

qw the Shooter (Gargoyle Hunter)                     Turns: 456, Time: 00:00:02

Health: -3/17      AC:  5    Str: 14    XL:     2   Next: 91%
Magic:  2/2        EV: 11    Int:  9    God:
Gold:   12         SH:  0    Dex: 13    Spells: 1/1 levels left

rFire   . . .        a - +0 shortbow
rCold   . . .        (shield currently unavailable)
rNeg    + . .        c - +0 leather armour
rPois   inf          (no helmet)
rElec   +            (no cloak)
rCorr   .            (no gloves)
SInv    .            (no boots)
Will    .....        (no amulet)
Stlth   +            (no ring)
HPRegen 0.22/turn    (no ring)
MPRegen 0.08/turn

%: no passive effects
@: no status effects
A: sickness immunity, AC +2, negative energy resistance 1, electricity
resistance, torment resistance 1, petrification resistance
a: no special abilities


You were on level 1 of the Dungeon.
You visited 1 branch of the dungeon, and saw 1 of its levels.

You collected 12 gold pieces.


Innate Abilities, Weirdness & Mutations

You are immune to sickness and miasma.
Your stone body is resilient. (AC +2)
You are immune to poison.
You resist negative energy. (rN+)
You are resistant to electric shocks. (rElec)
You are resistant to unholy torment.
You are immune to petrification.


   Skills:
 - Level 2.1 Fighting
 + Level 4.8 Ranged Weapons
 - Level 1.5 Dodging
 - Level 1.1 Stealth


You had one spell level left.
You didn't know any spells.
Your spell library was empty.

Inventory:

Hand Weapons
 a - a +0 shortbow (weapon)
Armour
 c - a +0 leather armour (worn)
Scrolls
 b - a scroll of butterflies
 d - a scroll of revelation {unknown}
Potions
 e - 2 potions of berserk rage {unknown}

Dungeon Overview and Level Annotations

Branches:
Dungeon (1/15)

Altars:

Shops:
D:1 =


Message History

A rat comes into view.
You shoot an arrow. The arrow hits the rat!
You kill the rat!
An endoplasm comes into view.
The endoplasm quivers.
You shoot an arrow. The arrow hits the endoplasm.
The endoplasm is severely wounded.
The endoplasm freezes you.
You are frozen.
You shoot an arrow.
The arrow hits the endoplasm but does no damage.
The endoplasm is severely wounded.
The endoplasm freezes you.
You are frozen.
You shoot an arrow. The arrow hits the endoplasm!
You kill the endoplasm!
You start resting.
HP restored.
Found a stone staircase leading down.
There is a stone staircase leading down here.
You open the large door. You open the door.
There is a large open door here.
You see here a bat corpse.
There is an open door here.
As you open the door, it creaks loudly!
There is an open door here.
You open the door.
A gnoll comes into view. It is wielding a +2 whip of holy wrath.
The gnoll shouts!
You shoot an arrow. The arrow hits the gnoll.
The gnoll is lightly wounded.
The gnoll hits you with a +2 whip of holy wrath.
You shoot an arrow. The arrow hits the gnoll.
The gnoll is moderately wounded.
The gnoll hits you with a +2 whip of holy wrath!
The gnoll hits you with a +2 whip of holy wrath.
You shoot an arrow. The arrow closely misses the gnoll.
The gnoll hits you with a +2 whip of holy wrath.
You die...

#### #.. #.# ###g## #.#
#..@.# #.####### #....#
#.##..... #....#
#.##.###. ... +.#'##
#.##.# #. ....#.#.####
#.##.###.
....#.#....#####....#...
......#..#.#....#####...
#>.......#.#....+.# #...
##.........#....#.# #...


You could see a gnoll.

Vanquished Creatures
  3 ball pythons (D:1)
  2 endoplasms (D:1)
  4 goblins (D:1)
  A hobgoblin (D:1)
  3 quokkas (D:1)
  3 bats (D:1)
  A kobold (D:1)
  2 rats (D:1)
19 creatures vanquished.

Notes
Turn   | Place    | Note
-------+----------+-------------------------------------------
     0 | D:1      | qw the Gargoyle Hunter began the quest for the Orb.
     0 | D:1      | Reached XP level 1. HP: 12/12 MP: 1/1
     0 | D:1      | 0 ||| qw: Version: 0.3-a-132-g3d54051
     0 | D:1      | 0 ||| qw: Game counter: 383
     0 | D:1      | 0 ||| qw: Melee chars always use a shield: true
     0 | D:1      | 0 ||| qw: God list: Okawaru
     0 | D:1      | 0 ||| qw: Allow faded altars: false
     0 | D:1      | 0 ||| qw: Do Orc after clearing Dungeon:15 true
     0 | D:1      | 0 ||| qw: Do second Lair branch before Depths: true
     0 | D:1      | 0 ||| qw: Lair rune preference: random
     0 | D:1      | 0 ||| qw: Goals: Normal
     0 | D:1      | 0 ||| PLANNING D:1-11
    43 | D:1      | Found Joumia Hihol's Jewellery Emporium.
    53 | D:1      | 53 ||| SHOPLISTING ring "Wil Gug" {rF+ Will+} (507 gold,
                  | have 12).
    53 | D:1      | 53 ||| SHOPLISTING ring of fire (325 gold, have 12).
    53 | D:1      | 53 ||| SHOPLISTING ring of ice (325 gold, have 12).
    53 | D:1      | 53 ||| SHOPLISTING ring of positive energy (260 gold, have
                  | 12).
   120 | D:1      | Reached XP level 2. HP: 15/17 MP: 2/2
   455 | D:1      | HP: 1/17 [gnoll/+2 whip of holy wrath (4)]
   456 | D:1      | Slain by a gnoll

Levels and vault maps discovered:
D:1:      giann_bridges, layout_basic, serial_shops, nicolae_shop_gaudy_bauble

Action                     || total
---------------------------++-------
   Fire: Shortbow          ||    65
 Armour: Leather armour    ||    15
  Dodge: Dodged            ||    16

Table legend:
 A = Non-vault XP
 B = Vault XP
 C = Vault XP percentage of total XP
 D = Non-vault monster count
 E = Vault monster count
 F = Vault count percentage of total count
                 A         B        C        D         E       F
            +---------+---------+-------+---------+---------+-------
      Total |      32 |       0 |   0.0 |      19 |       0 |   0.0
            +---------+---------+-------+---------+---------+-------
        D:1 |      32 |       0 |   0.0 |      19 |       0 |   0.0
            +---------+---------+-------+---------+---------+-------
